cohdb
Replays
Latest Replays
All Replays
Popular Replays
Top Player Replays
Match Explorer
How It Works
Community
CoH3 Stats
Reddit
Sign in to upload your games and track your stats! →
Sign in with Steam
Match 39756784
Unlisted
Match 39756784
Overview
Messages
Build Orders
End
Construct Section Command Post
Vickers Machine Gun Team
Selects Canadian Shock Battlegroup
Infantry Section
Infantry Section
Construct Field Infirmary
ML 3-inch Mortar Team
Selects Incendiary Munitions
Grenade Package
Construct Platoon Command Post
Infantry Section
Royal Engineer Section
Selects Pyrotechnics
CMP 15cwt Truck
Infantry Section
Humber Armored Car
6-pounder Anti-tank Gun Team
Construct Company Command Post
Infantry Section
Vickers Machine Gun Team
Unlock Bishop Self-propelled Artillery
Selects Churchill Crocodile Heavy Tank
Bishop Self-propelled Artillery
Selects Churchill Crocodile Heavy Tank
kebabsson
Potato Ball Sack
Pottatow
冲锋大哥
KevinTDW
Iv4n Grozni
ButterMallow
Pat216
0
0
Comments
sign in to comment!
No comments posted yet!